 Dungeon Crawl Stone Soup version 0.22-a0-379-ga9d99d6 (webtiles) character file.

1845 wjh11 the Cleaver (level 8, -5/73 HPs)
             Began as a Minotaur Berserker on Apr 29, 2018.
             Was a High Priest of Trog.
             Slain by Prince Ribbit (13 damage)
             ... on level 6 of the Dungeon.
             The game lasted 00:11:02 (5241 turns).

wjh11 the Cleaver (Minotaur Berserker)              Turns: 5241, Time: 00:11:02

Health: -5/73      AC: 10    Str: 25    XL:     8   Next: 88%
Magic:  0/7        EV:  9    Int:  4    God:    Trog [*****.]
Gold:   223        SH:  0    Dex:  9    Spells: 7/7 levels left

rFire    + . .     SeeInvis .   a - +0 hand axe
rCold    . . .     Gourm    .   (no shield)
rNeg     . . .     Faith    .   g - +0 chain mail
rPois    .         Spirit   +   (helmet restricted)
rElec    .         Reflect  .   f - +0 cloak
rCorr    .         Harm     .   (no gloves)
MR       .....                  (no boots)
Stlth    ..........             l - amulet of guardian spirit
HPRegen  0.22/turn              d - ring of protection from fire
MPRegen  0.10/turn              (no ring)

@: heavily drained
A: retaliatory headbutt, horns 2
a: Berserk, Trog's Hand, Brothers in Arms, Renounce Religion


You were on level 6 of the Dungeon.
You worshipped Trog.
Trog was extremely pleased with you.
You were not hungry.

You visited 2 branches of the dungeon, and saw 7 of its levels.
You also visited: Sewer.

You collected 223 gold pieces.

Inventory:

Hand Weapons
 a - a +0 hand axe (weapon)
 A - a cursed +0 dagger
Armour
 b - a +0 animal skin
 f - a +0 cloak (worn)
 g - a +0 chain mail (worn)
 n - a +2 scale mail of cold resistance
Jewellery
 d - a ring of protection from fire (left hand)
 l - an amulet of guardian spirit (around neck)
 s - an uncursed ring of magical power {unknown}
 u - a +5 ring of strength {unknown}
 y - an uncursed ring of wizardry {unknown}
 D - a cursed -3 ring of intelligence {unknown}
 E - an uncursed ring of see invisible {unknown}
Wands
 x - a wand of acid (6)
 F - a wand of flame (23)
Scrolls
 e - 4 scrolls of enchant armour {unknown}
 k - 2 scrolls of magic mapping {unknown}
 p - 2 scrolls of identify {unknown}
 r - 2 scrolls of immolation {unknown}
 v - a scroll of remove curse {unknown}
 w - 2 scrolls of teleportation {unknown}
 B - 2 scrolls of noise {unknown}
Potions
 h - a potion of cancellation {unknown}
 i - 7 potions of curing {unknown}
 j - 4 potions of might {unknown}
 m - 2 potions of degeneration {unknown}
 o - 3 potions of flight {unknown}
 q - a potion of lignification
 t - 3 potions of invisibility {unknown}
 z - a potion of experience {unknown}
 C - a potion of brilliance {unknown}
 G - 8 potions of agility {unknown}
 H - 2 potions of heal wounds {unknown}
Comestibles
 c - 6 rations
 I - a chunk of flesh


   Skills:
 + Level 7.0(4.4) Fighting
 * Level 9.5(6.7) Axes
 + Level 6.6(3.9) Armour
 + Level 6.0(3.4) Dodging


You had 7 spell levels left.
You didn't know any spells.

Dungeon Overview and Level Annotations

Branches:
Dungeon (6/15)             Temple (1/1) D:4

Altars:
Ashenzari
Elyvilon
Hepliaklqana
Kikubaaqudgha
Makhleb
Okawaru
Qazlal
Vehumet
Wu Jian
Zin
The Shining One

Annotations:
D:6 Prince Ribbit


Innate Abilities, Weirdness & Mutations

You reflexively headbutt those who attack you in melee.
You have a pair of horns on your head.


Message History

You slash Prince Ribbit!
Prince Ribbit is moderately wounded.
You hit the wight but do no damage.
Prince Ribbit hits you but does no damage.
The wight barely misses you. The wight hits you but does no damage.
The wight hits you from afar with an enchanted halberd.
You feel drained. Prince Ribbit closely misses you.
The wight hits you from afar with a trident.
The wight barely misses you. Prince Ribbit hits you!
* * * LOW HITPOINT WARNING * * *
Prince Ribbit completely misses you. You furiously retaliate!
You headbutt Prince Ribbit, but do no damage.
The wight hits you with an enchanted long sword!
* * * LOW HITPOINT WARNING * * *
Prince Ribbit hits you!
* * * LOW HITPOINT WARNING * * *
There is a stone staircase leading up, spattered with blood here.
Prince Ribbit hits you!
You die...

....####.
>.....$
##.....#
#.[....
##.....##
#.......#
#....z..##
#...zz.@.#
#>..hzF..#
#..†.###..#
#....## ..#
#..... #.#
....... #.
?...[.. #.
...#### #.
..#


You could see Prince Ribbit, 4 wights and a jackal.

Vanquished Creatures
  Pikel (D:4)
  Sigmund (D:4)
  A sky beast (D:5)
  4 slaves (D:4)
  Purgy (D:3)
  An ogre (D:4)
  A centaur (D:5)
  2 big kobolds (Sewer)
  Blork the orc (D:4)
  A water moccasin skeleton (D:5)
  A howler monkey (D:5)
  3 orc priests
  2 orc wizards
  An iguana (D:4)
  Ijyb (D:3)
  A bullfrog skeleton (D:5)
  Natasha (thrice) (D:3)
  Robin (D:3)
  4 gnolls
  3 adders
  3 oozes
  An adder skeleton (D:6)
  2 worms
  11 leopard geckos
  17 orcs
  22 bats
  2 bat zombies (D:2)
  17 giant cockroaches
  12 hobgoblins
  10 jackals
  2 ball pythons
  5 frilled lizards
  13 goblins
  29 kobolds
  A quokka skeleton (D:5)
  7 rats
  A rat zombie (D:2)
189 creatures vanquished.

Notes
Turn   | Place    | Note
-------+----------+-------------------------------------------
     0 | D:1      | wjh11 the Minotaur Berserker began the quest for the Orb.
     0 | D:1      | Reached XP level 1. HP: 19/19 MP: 0/0
   662 | D:1      | Reached XP level 2. HP: 25/27 MP: 1/1
   670 | D:1      | Reached skill level 4 in Axes
   815 | D:1      | Reached XP level 3. HP: 26/33 MP: 2/2
  1294 | D:2      | Reached ** piety under Trog
  1311 | D:2      | Found an ornate altar of the Wu Jian Council.
  1424 | D:2      | Found a burning altar of Makhleb.
  1455 | D:2      | Found a white marble altar of Elyvilon.
  1604 | D:2      | Reached XP level 4. HP: 39/40 MP: 3/3
  1612 | D:2      | Found an ancient bone altar of Kikubaaqudgha.
  1808 | D:2      | Found a glowing silver altar of Zin.
  1809 | D:2      | Noticed an angel
  1809 | D:2      | Noticed a cacodemon
  1893 | D:3      | Noticed Purgy
  1902 | D:3      | Killed Purgy
  1902 | D:3      | Reached skill level 5 in Axes
  1902 | D:3      | Reached XP level 5. HP: 47/47 MP: 2/4
  1917 | D:3      | Reached *** piety under Trog
  2119 | D:3      | Noticed Natasha
  2134 | D:3      | Killed Natasha
  2198 | D:3      | Noticed Ijyb
  2219 | D:3      | Killed Ijyb
  2219 | D:3      | Reached XP level 6. HP: 15/55 MP: 2/5
  2239 | D:3      | Noticed Natasha
  2246 | D:3      | Killed Natasha
  2475 | D:3      | Reached skill level 6 in Axes
  2510 | D:3      | Found an iron altar of Okawaru.
  2514 | D:3      | Reached skill level 5 in Fighting
  2568 | D:3      | Noticed Robin
  2579 | D:3      | Reached **** piety under Trog
  2585 | D:3      | Killed Robin
  2687 | D:3      | Noticed Natasha
  2692 | D:3      | Killed Natasha
  2704 | D:3      | Found a shattered altar of Ashenzari.
  3138 | D:4      | Noticed Sigmund
  3148 | D:4      | Killed Sigmund
  3148 | D:4      | Reached skill level 7 in Axes
  3148 | D:4      | Reached XP level 7. HP: 57/61 MP: 6/6
  3381 | D:4      | Found a staircase to the Ecumenical Temple.
  3501 | D:4      | Noticed Pikel
  3521 | D:4      | Reached skill level 5 in Armour
  3546 | D:4      | Killed Pikel
  3546 | D:4      | Reached skill level 8 in Axes
  3546 | D:4      | Reached skill level 5 in Dodging
  3546 | D:4      | Reached XP level 8. HP: 15/71 MP: 1/7
  3869 | D:4      | Noticed Blork the orc
  3881 | D:4      | Killed Blork the orc
  4124 | Temple   | Entered the Ecumenical Temple
  4164 | D:5      | Entered Level 5 of the Dungeon
  4243 | D:5      | Reached skill level 9 in Axes
  4524 | D:5      | Found a radiant altar of Vehumet.
  4593 | D:5      | Found a glowing drain.
  4605 | Sewer    | Entered a sewer
  4786 | Sewer    | Reached ***** piety under Trog
  5105 | D:5      | Found a glowing golden altar of the Shining One.
  5105 | D:5      | Found a radiant altar of Vehumet.
  5106 | D:5      | Found a hazy altar of Hepliaklqana.
  5228 | D:6      | Noticed Prince Ribbit
  5241 | D:6      | Slain by Prince Ribbit

Vault maps used:
D:1:      dpeg_arrival_leaves_temple_mockup
D:2:      grunt_temple_overflow_order_and_chaos_2,
          lemuel_zombie_altar_kikubaaqudgha, old_standard_altar,
          lemuel_crystal_altar, minmay_heptomino_d4
D:3:      minmay_roachtagon, evilmike_ruin_ashenzari, okawaru_metal_pillars_3,
          minmay_goblin_kobold_house, uniq_robin, uniq_ijyb, uniq_natasha,
          uniq_purgy
D:4:      temple_pool_b, first_ration, uniq_sigmund, uniq_blork_the_orc,
          uniq_pikel
D:5:      gammafunk_temple_overflow_claw, gup_sewer_entry_pipe,
          minmay_misc_feat_tiny, vehumet_altar_wand_db
D:6:      uniq_duvessa, uniq_edmund, uniq_prince_ribbit1
Temple:   eino_wide_crystal_templ
Sewer:    kennysheep_pipe_town

Skill      XL: |  1  2  3  4  5  6  7  8 |
---------------+-------------------------+-----
Axes           | 4 5 7 8 9 |  9.5
Fighting       | 4 5 6 7 |  7.0
Armour         | 3 4 5 6 |  6.6
Dodging        | 3 4 5 6 |  6.0

Action                   |  1- 3 |  4- 6 |  7- 9 || total
-------------------------+-------+-------+-------++-------
Melee: Hand axe          |   110 |   143 |   194 ||   447
       Headbutt          |    11 |    26 |    32 ||    69
Invok: Berserk           |       |     4 |     1 ||     5
  Use: Potion            |       |       |     1 ||     1
  Eat: Chunk             |     2 |     8 |     5 ||    15
       Ration            |       |       |     1 ||     1
Armor: Animal skin       |    19 |       |       ||    19
       Chain mail        |    46 |    93 |    81 ||   220
       Skin              |       |       |    64 ||    64
Dodge: Dodged            |    60 |    81 |   104 ||   245

Table legend:
 A = Spawn XP
 B = Non-spawn XP
 C = Spawn XP percentage of total XP
 D = Spawn monster count
 E = Non-spawn monster count
 F = Spawn count percentage of total count
 G = Total turns spent on level
                    A         B        C        D         E        F      G
               +---------+---------+-------+---------+---------+-------+---------
         Total |       0 |    2636 |   0.0 |       0 |     185 |   0.0 |  5241
               +---------+---------+-------+---------+---------+-------+---------
           D:1 |       0 |      47 |   0.0 |       0 |      23 |   0.0 |  1268
           D:2 |       0 |      59 |   0.0 |       0 |      31 |   0.0 |   592
           D:3 |       0 |     426 |   0.0 |       0 |      56 |   0.0 |  1049
           D:4 |       0 |    1313 |   0.0 |       0 |      25 |   0.0 |  1253
           D:5 |       0 |     538 |   0.0 |       0 |      24 |   0.0 |   688
           D:6 |       0 |       7 |   0.0 |       0 |       2 |   0.0 |    23
         Sewer |       0 |     246 |   0.0 |       0 |      24 |   0.0 |   366
               +---------+---------+-------+---------+---------+-------+---------
